 Dungeon Crawl Stone Soup version 0.23-a0-393-g6e9e0f2 (webtiles) character file.

23751 MisterFreud the Nimble (level 12, 0/53 HPs)
             Began as a Felid Transmuter on Oct 31, 2018.
             Was a Follower of Uskayaw.
             Killed from afar by Azrael (46 damage)
             ... with damnation
             ... on level 2 of the Orcish Mines.
             The game lasted 01:27:20 (29061 turns).

MisterFreud the Nimble (Felid Transmuter)          Turns: 29061, Time: 01:27:21

Health: 0/53       AC:  3    Str:  8    XL:     12   Next: 74%
Magic:  20/20      EV: 31    Int: 19    God:    Uskayaw [*.....]
Gold:   889        SH:  4    Dex: 19    Spells: 10/21 levels left
                                        Lives:  0   Deaths: 3

rFire    + . .     SeeInvis +     - Unarmed
rCold    . . .     Gourm    .   (shield unavailable)
rNeg     . . .     Faith    .   (armour unavailable)
rPois    .         Spirit   .   (helmet unavailable)
rElec    .         Reflect  +   (cloak unavailable)
rCorr    .         Harm     .   (gloves unavailable)
MR       +....     Clarity  +   (boots unavailable)
Stlth    ++++++....             o - +4 amulet of reflection
HPRegen  0.17/turn              h - ring of stealth
MPRegen  0.17/turn              J - ring of Xom's Absentmindedness {Fire Int+4 Slay+2}

@: quick
A: very small, no armour, no weapons or thrown items, stealth, claws 1, fangs 3,
see invisible, carnivore, clarity, speed 1, shaggy fur 3, slow metabolism 1,
sharp paws
a: Stomp, Renounce Religion


You were on level 2 of the Orcish Mines.
You worshipped Uskayaw.
Uskayaw was aware of your devotion.
You were full.

You visited 3 branches of the dungeon, and saw 20 of its levels.
You also visited: Labyrinth and Ossuary.

You collected 1782 gold pieces.
You spent 893 gold pieces at shops.

Inventory:

Missiles
 a - 308 arrows
Jewellery
 h - a ring of stealth (left paw)
 o - a +4 amulet of reflection (around neck)
 r - an uncursed ring of protection from fire
 v - an uncursed ring of positive energy
 w - an uncursed ring of flight
 z - an uncursed amulet of faith
 H - a +1 ring of protection
 J - the ring of Xom's Absentmindedness (right paw) {Fire Int+4 Slay+2}
   (You took it off a minotaur in a labyrinth)

   [ring of fire]

   It enhances your fire magic.
   It affects your intelligence (+4).
   It affects your accuracy and damage with ranged weapons and melee attacks
   (+2).
   It protects you from fire.
   It makes you vulnerable to cold.
 N - a +5 ring of intelligence
Wands
 q - a wand of flame (31)
 s - a wand of acid (17)
 B - a wand of polymorph (14)
 F - a wand of paralysis (16)
 K - a wand of digging (6)
 O - a wand of disintegration (19)
Scrolls
 b - 12 scrolls of teleportation
 d - 2 scrolls of amnesia
 k - 5 scrolls of fear
 p - 11 scrolls of identify
 x - 2 scrolls of fog
 y - 5 scrolls of remove curse
 C - 3 scrolls of silence
 E - a scroll of magic mapping
Potions
 e - 4 potions of lignification
 f - 3 potions of agility
 g - 4 potions of curing
 i - 8 potions of haste
 j - a potion of brilliance
 l - 3 potions of ambrosia
 m - 5 potions of mutation
 n - 2 potions of invisibility
 t - 6 potions of might
 u - a potion of magic
 D - a potion of heal wounds
 G - 3 potions of resistance
 M - a potion of cancellation {unknown}
Miscellaneous
 A - a fan of gales (inert)
Comestibles
 c - 26 rations


   Skills:
 + Level 6.6 Fighting
 - Level 14.0 Dodging
 - Level 10.0 Stealth
 - Level 10.0 Unarmed Combat
 - Level 5.1 Spellcasting
 - Level 10.0 Transmutations
 - Level 10.0 Invocations
 - Level 6.0 Evocations


You had 10 spell levels left.
You knew the following spells:

 Your Spells              Type           Power        Failure   Level  Hunger
a - Beastly Appendage     Tmut           #####.       1%          1    None
b - Sticks to Snakes      Tmut           #####...     1%          2    #......
c - Spider Form           Tmut/Pois      ###.......   4%          3    ##.....
d - Blade Hands           Tmut           #####.....   5%          5    ######.

Your spell library contained the following spells:

 Spells                   Type           Power        Failure   Level  Hunger
 Passwall                 Tmut/Erth      ###.....     2%          2    #......
 Ignite Poison            Fire/Tmut/Pois ####....     10%         3    ##.....
 Animate Skeleton         Necr           N/A          12%         1    None
 Apportation              Tloc           #.....       12%         1    None
 Confusing Touch          Hex            #.....       12%         1    None
 Flame Tongue             Conj/Fire      #....        12%         1    None
 Infusion                 Chrm           #...         12%         1    None
 Magic Dart               Conj           #...         12%         1    None
 Sandblast                Erth           #.....       12%         1    None
 Summon Small Mammal      Summ           #...         12%         1    None
 Ice Form                 Ice/Tmut       ###.....     16%         4    ####...
 Searing Ray              Conj           #.....       19%         2    #......
 Shroud of Golubria       Chrm/Tloc      #.........   19%         2    #......
 Song of Slaying          Chrm           #.......     19%         2    #......
 Throw Flame              Conj/Fire      #.....       19%         2    #......
 Conjure Flame            Conj/Fire      #.......     36%         3    ##.....
 Dazzling Spray           Conj/Hex       #.....       36%         3    ##.....
 Inner Flame              Hex/Fire       #.......     36%         3    ##.....
 Regeneration             Chrm/Necr      #.........   36%         3    ##.....
 Yara's Violent Unravell  Hex/Tmut       ###.......   41%         5    ######.
 Force Lance              Conj/Tloc      #.......     77%         4    ####...
 Fulminant Prism          Conj/Hex       #.........   77%         4    ####...
 Iskenderun's Mystic Bla  Conj           #.......     77%         4    ####...
 Sticky Flame             Conj/Fire      #.......     77%         4    ####...
 Statue Form              Tmut/Erth      ###......    94%         6    #######
 Bolt of Magma            Conj/Fire/Erth #.........   98%         5    ######.
 Fireball                 Conj/Fire      #.........   98%         5    ######.
 Freezing Cloud           Conj/Ice/Air   #.........   100%        6    #######
 Ozocubu's Refrigeration  Ice            #.........   100%        6    #######
 Spectral Weapon          Hex/Chrm       Unusable     N/A         3    N/A

Dungeon Overview and Level Annotations

Branches:
Dungeon (13/15)            Temple (0/1) D:4            Lair (5/6) D:8
  Swamp (0/4) Lair:3        Snake (0/4) Lair:3        Slime (0/5) Lair:5
    Orc (2/2) D:10            Elf (0/3) Orc:2
 Vaults: D:13-14

Altars:
Ashenzari
Dithmenos
Kikubaaqudgha
Makhleb
Okawaru
Ru
Sif Muna
Trog
Uskayaw
Vehumet
Wu Jian
Xom
Yredelemnul
Zin

Shops:
D:5 *   D:6 *   D:8 (   D:10 !

Annotations:
D:7 exclusion: downstairs
D:9 1 runed door, George's ghost, journeyman GrFi
D:11 3 runed doors, MisterFreud's ghost, novice MiAK
Lair:3 Gastronok
Lair:5 exclusion: oklob plant
Orc:2 Azrael


Innate Abilities, Weirdness & Mutations

You cannot wear armour.
You are incapable of wielding weapons or throwing items.
Your paws allow you to move quietly. (Stealth)
You have sharp claws.
You have razor-sharp teeth.
You have supernaturally acute eyesight. (SInv)
You are carnivorous and can eat meat at any time.
You cover ground quickly.
Your thick and shaggy fur keeps you warm. (AC +3, rC+)
You have a slow metabolism.
Your sharp claws are effective at attacking unaware monsters.
You possess an exceptional clarity of mind.


Message History

There is a stone staircase leading down here.
You start resting.
Your transformation is almost over.
You start resting.
Your front paws revert to their normal proportions.
You start resting.
Magic restored.
You start resting.
HP restored.
Drop what? 40/52 slots (_ for help) (? for menu, Esc to quit)
You drop a +3 ring of strength.
You climb downwards.
Level annotation: Azrael A two-headed ogre comes into view.
It is wielding a +0 giant club and a +0 Azrael gestures at you.
The fireball explodes!
The fireball engulfs you! You resist. Azrael gestures at you.
The sphere of damnation explodes!
The damnation engulfs you!
Ouch! That really hurt!
You die...

..## #.#...# ### ###..#..##
##.#### #.#..#...# #.....## ..
#...##O.# ##....(.# .....
####.$.....# ##......## ## .....
#.##R<....####......).###.
.....##........@..###.......[#..
.......................#....###
#.......#.#.........#.##......
##....§§####........####......
####...§§..# #.>.......# ##..((.
##.....§....###..........##......
....§§§§....##.......#########...
§.§.§§.............##### ####
..§..§#................## ####


You could see Azrael and a two-headed ogre.

Vanquished Creatures
  A minotaur (Lab)
  Harold (Orc:1)
  2 hydras
  A death yak (Lair:4)
  3 skeletal warriors (D:11)
  2 unseen horrors
  An orc knight (Orc:2)
  A deep elf mage (D:13)
  A necromancer (Lair:3)
  An ugly thing (D:11)
  2 elephants
  A black mamba (Lair:5)
  A centaur skeleton (D:11)
  4 gargoyles
  11 spiny frogs
  2 komodo dragons
  A queen bee (D:8)
  A polar bear (Lair:3)
  2 trolls (Orc:1)
  5 hippogriffs
  10 blink frogs
  6 dream sheep (Lair:4)
  A wyvern (D:11)
  13 yaks
  2 vampires
  2 fire elementals (Orc:1)
  A hungry ghost (D:10)
  2 basilisks (D:8)
  A steam dragon (D:10)
  4 vampire mosquitoes
  2 acid dragons
  2 hell hounds (Orc:1)
  6 water moccasins
  2 porcupines
  4 orc warriors
  7 sky beasts
  A black bear (D:10)
  12 ice beasts
  An eye of draining (D:11)
  14 ogres
  8 wolves
  A necrophage (D:8)
  9 centaurs
  6 crocodiles
  2 big kobolds (D:11)
  9 bullfrogs
  A wyvern zombie (D:11)
  3 scorpions
  27 killer bees
  2 wyvern skeletons
  2 howler monkeys (D:12)
  4 crimson imps
  2 bullfrog zombies
  3 jellies
  A quasit (D:10)
  3 centaur zombies
  6 hounds
  5 orc priests
  A bullfrog skeleton (D:11)
  Crazy Yiuf (D:7)
  3 iron imps (D:6)
  14 orc wizards
  Terence (D:3)
  3 yak simulacra (Lair:3)
  4 polar bear simulacra (Lair:3)
  5 worker ants
  A wolf simulacrum (Lair:3)
  6 big kobold zombies (Ossuary)
  A hound skeleton (D:10)
  A worker ant zombie (D:11)
  13 adders
  A shadow imp (D:5)
  An ooze (D:1)
  An adder skeleton (D:10)
  A worm (D:2)
  7 leopard geckos
  49 orcs
  2 spectral bats (Ossuary)
  A ball python (D:6)
  6 bats
  2 giant cockroaches
  4 goblins
  A hobgoblin (D:2)
  5 jackals
  12 kobolds
  4 quokkas
  2 bat simulacra (Ossuary)
  5 frilled lizards
  6 gnoll zombies (Ossuary)
  3 goblin simulacra (Ossuary)
  4 goblin zombies (Ossuary)
  6 hobgoblin zombies (Ossuary)
  2 kobold simulacra (Ossuary)
  A kobold zombie (Ossuary)
  A leopard gecko skeleton (D:6)
  5 orc zombies (Ossuary)
  7 rats
  2 rat simulacra (Ossuary)
  2 river rat simulacra (Lair:3)
  A spectral goblin (Ossuary)
  A spectral kobold (Ossuary)
  A spectral rat (Ossuary)
431 creatures vanquished.

Vanquished Creatures (collateral kills)
  A mummy (Ossuary)
  A spectral bat (Ossuary)
  A bat (D:3)
  A bat simulacrum (Ossuary)
  A hobgoblin (D:2)
  2 goblin simulacra (Ossuary)
  A rat simulacrum (Ossuary)
  A spectral goblin (Ossuary)
  A spectral kobold (Ossuary)
  2 spectral rats (Ossuary)
12 creatures vanquished.

Vanquished Creatures (others)
  A bullfrog (D:11)
  A hobgoblin zombie (Ossuary)
  A kobold zombie (Ossuary)
  A spectral kobold (Ossuary)
  A spectral rat (Ossuary)
  13 fungi
  3 plants
21 creatures vanquished.

Grand Total: 464 creatures vanquished

Notes
Turn   | Place    | Note
-------+----------+-------------------------------------------
     0 | D:1      | MisterFreud the Felid Transmuter began the quest for the
                  | Orb.
     0 | D:1      | Reached XP level 1. HP: 9/9 MP: 4/4
    49 | D:1      | Reached skill level 1 in Stealth
   460 | D:1      | Reached XP level 2. HP: 12/12 MP: 4/6
   611 | D:1      | Learned a level 2 spell: Sticks to Snakes
  1276 | D:2      | Reached XP level 3. HP: 9/15 MP: 2/7
  1521 | D:2      | Found an ornate altar of the Wu Jian Council.
  1574 | D:2      | Reached skill level 5 in Stealth
  1851 | D:2      | Found a shattered altar of Ashenzari.
  1971 | D:3      | Reached XP level 4. HP: 12/19 MP: 5/8
  2215 | D:3      | Learned a level 3 spell: Spider Form
  2245 | D:3      | Found a shadowy altar of Dithmenos.
  2340 | D:3      | Found a hide-covered altar of Uskayaw.
  2340 | D:3      | Found a basalt altar of Yredelemnul.
  2351 | D:3      | Became a worshipper of Uskayaw the Reveler
  2409 | D:3      | Found a bloodstained altar of Trog.
  2413 | D:3      | Reached * piety under Uskayaw
  2973 | D:3      | Noticed Terence
  2980 | D:3      | Killed Terence
  2993 | D:3      | Found an iron altar of Okawaru.
  3314 | D:4      | Reached ** piety under Uskayaw
  3315 | D:4      | Reached XP level 5. HP: 17/22 MP: 5/9
  3318 | D:4      | Found a sand-covered staircase.
  3327 | Ossuary  | Entered an ossuary
  4224 | Ossuary  | Gained mutation: You are covered in thick fur. (AC +2)
                  | [Felid growth]
  4224 | Ossuary  | Reached XP level 6. HP: 23/25 MP: 3/10
  4553 | D:4      | Found an ancient bone altar of Kikubaaqudgha.
  4624 | D:4      | Found a radiant altar of Vehumet.
  4625 | D:4      | Found a deep blue altar of Sif Muna.
  4631 | D:4      | Identified Vehumet's Handbook of Damage Dealing
  4668 | D:4      | Slain by an orc
  4669 | D:4      | Reached XP level 5. HP: 0/22 MP: 8/9
  4921 | D:4      | Found a staircase to the Ecumenical Temple.
  5029 | D:4      | Reached skill level 5 in Unarmed Combat
  5236 | D:5      | Entered Level 5 of the Dungeon
  5236 | D:5      | Found Opyfod's Assorted Antiques.
  5240 | D:5      | Noticed an ice beast
  5257 | D:5      | Noticed a sky beast
  5269 | D:5      | Reached *** piety under Uskayaw
  5270 | D:5      | Killed an ice beast
  5270 | D:5      | Reached XP level 6. HP: 25/25 MP: 5/10
  5271 | D:5      | Reached **** piety under Uskayaw
  5570 | D:5      | Killed a sky beast
  5759 | D:5      | Bought a potion of heal wounds for 145 gold pieces
  5854 | D:5      | Noticed a water moccasin
  5875 | D:5      | Reached skill level 5 in Transmutations
  5875 | D:5      | Reached XP level 7. HP: 23/28 MP: 8/11
  6385 | D:5      | Reached skill level 3 in Dodging
  6461 | D:5      | Reached skill level 4 in Dodging
  6530 | D:5      | Succumbed to a water moccasin's poison
  6531 | D:5      | Reached XP level 6. HP: 0/25 MP: 8/10
  6546 | D:5      | Killed a water moccasin
  6546 | D:5      | Reached skill level 5 in Dodging
  6546 | D:5      | Reached XP level 7. HP: 28/28 MP: 11/11
  6588 | D:5      | Reached skill level 6 in Dodging
  7011 | D:5      | Reached skill level 7 in Dodging
  7127 | D:5      | Reached skill level 8 in Dodging
  7188 | D:6      | Reached skill level 1 in Invocations
  7259 | D:6      | Found Vefeapta's Assorted Antiques.
  7290 | D:6      | Reached XP level 8. HP: 32/32 MP: 12/12
  7336 | D:6      | Found a burning altar of Makhleb.
  7554 | D:6      | Reached skill level 5 in Invocations
  7897 | D:7      | Found a shimmering altar of Xom.
  7935 | D:7      | Learned a level 5 spell: Blade Hands
  7949 | D:7      | Found a runed door.
  8291 | D:7      | Noticed an angel
  8292 | D:7      | Found a shimmering altar of Xom.
  8306 | D:7      | Found a glowing silver altar of Zin.
  8625 | D:7      | Noticed Crazy Yiuf
  8630 | D:7      | Killed Crazy Yiuf
  8706 | D:8      | Found a staircase to the Lair.
  8706 | D:8      | Noticed an elephant
  8715 | D:8      | Noticed a hippogriff
  8728 | D:7      | Reached XP level 9. HP: 31/35 MP: 11/14
  9036 | D:7      | Killed an elephant
  9175 | D:7      | Gained mutation: You possess an exceptional clarity of
                  | mind. [mutagenic glow]
  9388 | D:8      | Noticed a queen bee
  9661 | D:8      | HP: 1/35 [basilisk (8)]
  9936 | D:8      | Killed a queen bee
  9998 | D:8      | Found a shimmering altar of Xom.
 10066 | D:8      | Reached skill level 10 in Transmutations
 10797 | D:8      | Reached XP level 10. HP: 39/39 MP: 14/18
 10822 | D:8      | Found Uremurr's Weapon Shop.
 11164 | D:8      | Found a shimmering altar of Xom.
 11165 | D:8      | Found a shimmering altar of Xom.
 11167 | D:8      | Found a shimmering altar of Xom.
 11172 | D:8      | Noticed a deep troll
 11172 | D:8      | a snapping turtle changed into a deep troll
 11194 | Lair:1   | Entered Level 1 of the Lair of Beasts
 11302 | Lair:1   | Noticed a spiny frog
 11309 | Lair:1   | Killed a spiny frog
 11309 | Lair:1   | Reached skill level 5 in Spellcasting
 11751 | Lair:1   | Noticed a spiny frog
 11762 | Lair:1   | Killed a spiny frog
 11762 | Lair:1   | Reached skill level 9 in Dodging
 11764 | Lair:1   | Reached ***** piety under Uskayaw
 12062 | Lair:1   | Noticed a spiny frog
 12072 | Lair:1   | Killed a spiny frog
 12515 | Lair:1   | Noticed a spiny frog
 12977 | Lair:1   | Reached skill level 10 in Dodging
 13004 | Lair:1   | Noticed a five-headed hydra
 13039 | Lair:1   | Killed a five-headed hydra
 13221 | Lair:1   | Reached skill level 10 in Stealth
 13221 | Lair:1   | Reached skill level 1 in Evocations
 13226 | Lair:1   | Killed a spiny frog
 13849 | Lair:2   | Noticed a spiny frog
 13860 | Lair:2   | Reached XP level 11. HP: 40/42 MP: 13/19
 15521 | Lair:3   | Noticed Gastronok
 15525 | Lair:3   | HP: 2/45 [wolf (8)]
 15709 | Lair:3   | Found a staircase to the Snake Pit.
 15902 | Lair:3   | Reached skill level 5 in Evocations
 16131 | Lair:3   | Found a staircase to the Swamp.
 16180 | Lair:3   | Noticed a necromancer
 16186 | Lair:3   | Killed a necromancer
 16470 | Lair:3   | Noticed a five-headed hydra
 16673 | Lair:3   | Killed a five-headed hydra
 17180 | Lair:4   | Reached skill level 5 in Fighting
 17192 | Lair:4   | Reached ****** piety under Uskayaw
 18002 | Lair:4   | Gained mutation: Your thick and shaggy fur keeps you warm.
                  | (AC +3, rC+) [Felid growth]
 18002 | Lair:4   | Reached XP level 12. HP: 35/52 MP: 14/20
 19033 | Lair:5   | Reached skill level 10 in Unarmed Combat
 19445 | Lair:5   | Noticed a death yak
 19445 | Lair:5   | Noticed a death yak
 19445 | Lair:5   | Noticed a death yak
 19445 | Lair:5   | Noticed a death yak
 19445 | Lair:5   | Noticed a death yak
 19507 | Lair:4   | Killed a death yak
 19536 | Lair:5   | Found a staircase to the Slime Pits.
 19547 | Lair:5   | Noticed a four-headed hydra
 19896 | Lair:4   | Slain by a death yak
 19897 | Lair:4   | Reached XP level 11. HP: 0/48 MP: 16/19
 20203 | D:9      | Found a sacrificial altar of Ru.
 20334 | D:9      | Noticed George's ghost (journeyman GrFi)
 20335 | D:9      | Found a runed door.
 20846 | D:10     | Entered Level 10 of the Dungeon
 21368 | D:10     | Found Coiheul's Distillery.
 21377 | D:10     | Bought 2 potions of might for 88 gold pieces
 21377 | D:10     | Bought a potion of might for 44 gold pieces
 21377 | D:10     | Bought a potion of resistance for 110 gold pieces
 21377 | D:10     | Bought 2 potions of lignification for 66 gold pieces
 21377 | D:10     | Bought a potion of curing for 33 gold pieces
 21377 | D:10     | Bought a potion of curing for 33 gold pieces
 21377 | D:10     | Bought a potion of might for 44 gold pieces
 21377 | D:10     | Bought 2 potions of resistance for 220 gold pieces
 21377 | D:10     | Bought a potion of haste for 110 gold pieces
 21439 | D:10     | Found a staircase to the Orcish Mines.
 22459 | D:11     | Identified the Collected Works on the Ashen Snowflakes
 22748 | D:12     | Noticed a skeletal warrior
 22748 | D:12     | Noticed a skeletal warrior
 22751 | D:12     | Noticed a skeletal warrior
 23024 | D:11     | Killed a skeletal warrior
 23170 | D:11     | Reached skill level 10 in Invocations
 24036 | D:11     | Found a runed gate.
 24037 | D:11     | Noticed a ten-headed hydra
 24037 | D:11     | Noticed MisterFreud's ghost (novice MiAK)
 24037 | D:11     | Noticed a brown ugly thing
 24038 | D:11     | Found a runed gate.
 24038 | D:11     | Found a runed gate.
 24072 | D:11     | Killed a brown ugly thing
 24072 | D:11     | Reached skill level 11 in Dodging
 24076 | D:11     | Reached XP level 12. HP: 17/52 MP: 15/20
 24478 | D:11     | Reached skill level 12 in Dodging
 25981 | D:12     | Reached skill level 13 in Dodging
 26289 | D:13     | Noticed a death knight
 26337 | Orc:1    | Entered Level 1 of the Orcish Mines
 26349 | Orc:1    | Noticed Harold
 26614 | Orc:1    | Killed Harold
 27078 | Orc:2    | Entered Level 2 of the Orcish Mines
 27078 | Orc:2    | Found a labyrinth entrance.
 27187 | Lab      | Entered a labyrinth
 27719 | Lab      | Identified the ring of Xom's Absentmindedness {Fire Int+4
                  | Slay+2}
 27719 | Lab      | Noticed a minotaur
 27736 | Lab      | Killed a minotaur
 27736 | Lab      | Reached skill level 14 in Dodging
 27743 | Lab      | Identified the Handbook of Changing
 28170 | Orc:2    | Found a staircase to the Elven Halls.
 28573 | Orc:2    | Noticed Azrael
 29061 | Orc:2    | Noticed a two-headed ogre
 29061 | Orc:2    | Killed from afar by Azrael

Vault maps used:
D:1:      dpeg_arrival_refuge, hangedman_decor_points
D:2:      old_standard_altar, old_standard_altar, first_ration,
          chequers_serial_rivers_small_b
D:3:      lemuel_round_altar, old_standard_altar,
          chequers_temple_overflow_statue_of_worship, trog_butcher_becter,
          uniq_terence
D:4:      grunt_temple_overflow_magic_moments, temple_fountains,
          lightli_ossuary_entry_decrepit_ruins
D:5:      serial_shops, nicolae_shop_overgrown_old_shop, kennysheep_small_spiral
D:6:      demons_altar, serial_shops, shop
D:7:      grunt_temple_overflow_order_and_chaos_1, basic_altar,
          uniq_crazy_yiuf_cottage
D:8:      david_lair_generic, serial_shops, shop_statue, david_nohive_1,
          xom_shifter_show
D:9:      lemuel_coloured_pillars_altar, hellmonk_ghost_happy_afterlife,
          stair_cage_line
D:10:     orc_0_dummy, serial_shops, shop
D:11:     gammafunk_ghost_hydra_chop, portal_ice_cave_entry_ice_beasts
D:13:     basic_altar, nicolae_two_hexagons, lemuel_centaur_altar, uniq_sonja,
          uniq_erolcha, uniq_urug, uniq_rupert
Lair:1:   cheibrodos_lair_river_kwai, grunt_megastairs_5
Lair:2:   lemuel_fruit_fields
Lair:3:   swamp_mist, dummy_snake_entry, eino_small_chamber_without_monster,
          eino_house_with_fridge, uniq_gastronok
Lair:5:   minmay_slime_entry_oklob_open, ebering_ghost_rock_garden,
          lemuel_fruit_tree, serial_bayou_shore_a, serial_bayou_shore_b
Orc:1:    uniq_harold
Orc:2:    st_orc_ogre_mass, lab_entry_generic, nicolae_orc_pool_cavern,
          led_sif_book, uniq_azrael
Lab:      labyrinth_watery
Ossuary:  ossuary_zaba_two_paths

Skill      XL: |  1  2  3  4  5  6  7  8  9 10 11 12 |
---------------+-------------------------------------+-----
Stealth        | 2 4 5 6 10 | 10.0
Unarmed Combat | 5 6 7 9 10 | 10.0
Transmutations | 4 5 6 7 10 | 10.0
Dodging        | 5 8 10 11 14 | 14.0
Invocations    | 2 5 6 10 7 | 10.0
Spellcasting   | 4 5 |  5.1
Evocations     | 2 6 |  6.0
Fighting       | 6 |  6.6

Action                   |  1- 3 |  4- 6 |  7- 9 | 10-12 || total
-------------------------+-------+-------+-------+-------++-------
Melee: Unarmed           |    88 |   254 |   302 |   750 ||  1394
       Bite              |     7 |    25 |     2 |    69 ||   103
       Headbutt          |     5 |    37 |       |       ||    42
       Punch             |       |     1 |       |    34 ||    35
 Cast: Beastly Appendage |    14 |    29 |       |       ||    43
       Sticks to Snakes  |     3 |    20 |       |     6 ||    29
       Spider Form       |       |     4 |    42 |     6 ||    52
       Blade Hands       |       |       |       |   107 ||   107
Evoke: Wand              |       |       |     5 |    25 ||    30
       Fan of gales      |       |       |       |     2 ||     2
       Phantom mirror    |       |       |       |     1 ||     1
  Use: Scroll            |     7 |    10 |     7 |     4 ||    28
       Potion            |     3 |       |     2 |     8 ||    13
 Stab: Sleeping          |    12 |    20 |    13 |    26 ||    71
       Distracted        |     1 |     4 |     1 |     1 ||     7
       Invisible         |     1 |       |       |       ||     1
       Paralysed         |       |     1 |     8 |    53 ||    62
  Eat: Chunk             |    10 |     6 |    24 |    79 ||   119
       Ration            |       |       |       |     1 ||     1
Armor: Skin              |     1 |    14 |    12 |    39 ||    66
Dodge: Dodged            |    66 |   176 |   263 |   684 ||  1189
Block: Other             |     2 |    34 |    37 |    35 ||   108
       Reflection        |       |     2 |       |     4 ||     6

Table legend:
 A = Non-vault XP
 B = Vault XP
 C = Vault XP percentage of total XP
 D = Non-vault monster count
 E = Vault monster count
 F = Vault count percentage of total count
                 A         B        C        D         E       F
            +---------+---------+-------+---------+---------+-------
      Total |   37261 |    9703 |  20.7 |     328 |     114 |  25.8
            +---------+---------+-------+---------+---------+-------
        D:1 |      30 |       0 |   0.0 |      16 |       0 |   0.0
        D:2 |      55 |       0 |   0.0 |      13 |       0 |   0.0
        D:3 |      52 |      43 |  45.3 |      14 |       5 |  26.3
        D:4 |     138 |       0 |   0.0 |      11 |       0 |   0.0
        D:5 |    1540 |       0 |   0.0 |      25 |       0 |   0.0
        D:6 |     657 |     118 |  15.2 |      13 |       3 |  18.8
        D:7 |     685 |     824 |  54.6 |      12 |       4 |  25.0
        D:8 |     777 |    1625 |  67.7 |      19 |      18 |  48.6
        D:9 |     530 |       0 |   0.0 |      19 |       0 |   0.0
       D:10 |    2522 |       0 |   0.0 |      36 |       0 |   0.0
       D:11 |    8161 |    1039 |  11.3 |      40 |       8 |  16.7
       D:12 |    2364 |       0 |   0.0 |      18 |       0 |   0.0
       D:13 |     991 |       0 |   0.0 |       4 |       0 |   0.0
     Lair:1 |    2434 |    2306 |  48.6 |       9 |       8 |  47.1
     Lair:2 |    4414 |       0 |   0.0 |      20 |       0 |   0.0
     Lair:3 |    2425 |     830 |  25.5 |      10 |      11 |  52.4
     Lair:4 |    6244 |       0 |   0.0 |      24 |       0 |   0.0
     Lair:5 |    1368 |       0 |   0.0 |       4 |       0 |   0.0
      Orc:1 |     950 |    1697 |  64.1 |      11 |       5 |  31.2
      Orc:2 |     924 |       0 |   0.0 |      10 |       0 |   0.0
        Lab |       0 |    1013 | 100.0 |       0 |       1 | 100.0
    Ossuary |       0 |     208 | 100.0 |       0 |      51 | 100.0
            +---------+---------+-------+---------+---------+-------
